 Dungeon Crawl Stone Soup version 0.18.1-2-ga659475 (webtiles) character file.

371 IcyTea the Slasher (level 6, 0/37 HPs)
             Began as a Tengu Fighter on May 8, 2016.
             Was an Initiate of Yredelemnul.
             Succumbed to an orc's poison
             ... on level 3 of the Dungeon.
             The game lasted 00:10:28 (2581 turns).

IcyTea the Slasher (Tengu Fighter)                  Turns: 2581, Time: 00:10:29

Health: 0/37       AC:  8    Str: 18    XL:     6   Next: 71%
Magic:  7/7        EV:  7    Int:  7    God:    Yredelemnul [......]
Gold:   132        SH:  9    Dex: 13    Spells: 0 memorised, 5 levels left

rFire  . . .     SeeInvis .     a - +0 long sword
rCold  + . .     Gourm    .     b - +0 scale mail
rNeg   . . .     Faith    .     c - +0 shield
rPois  .         Spirit   .     (helmet restricted)
rElec  .         Dismiss  .     (no cloak)
rCorr  .         Reflect  .     l - +0 pair of gloves
SustAt .         Harm     .     (boots unavailable)
MR     .....                    (no amulet)
Stlth  +.........               (no ring)
                                (no ring)

@: lethally poisoned (0 -> -11), not resistant to hostile enchantments, very
unstealthy
A: beak, talons 3, camouflage 1, cold resistance 1, dopey 1, able to fly 1
a: Fly, Renounce Religion


You were on level 3 of the Dungeon.
You worshipped Yredelemnul.
Yredelemnul was noncommittal.
You were hungry.

You visited 1 branch of the dungeon, and saw 3 of its levels.

You collected 132 gold pieces.

Inventory:

Hand Weapons
 a - a +0 long sword (weapon)
Missiles
 d - a tomahawk (quivered)
Armour
 b - a +0 scale mail (worn)
 c - a +0 shield (worn)
 l - a +0 pair of gloves (worn)
Scrolls
 e - a scroll of recharging
 g - 11 scrolls of identify
 h - 2 scrolls of remove curse
Comestibles
 f - 2 bread rations
 i - 7 fruits
 j - 2 beef jerkies
 r - 3 meat rations


   Skills:
 - Level 3.0 Fighting
 + Level 7.6 Long Blades
 - Level 3.2 Armour
 - Level 3.0 Shields


You had 5 spell levels left.
You didn't know any spells.

Dungeon Overview and Level Annotations

Branches:
Dungeon (3/15)

Altars:
Cheibriados
Dithmenos
Fedhas
Nemelex Xobeh
Pakellas
Trog
Yredelemnul


Innate Abilities, Weirdness & Mutations

You have a beak for a mouth.
You have claws for feet.
You can fly.
Your skin changes colour to match your surroundings (Stealth).
Your flesh is cold resistant.
You are dopey. (Int -2)


Message History

You feel strangely unstable.
* * * LOW HITPOINT WARNING * * *
You feel sick.
* * * LOW HITPOINT WARNING * * *
You feel sick.
Items here: )) †† a flail; a club; an orc corpse x2
* * * LOW HITPOINT WARNING * * *
You feel sick.
* * * LOW HITPOINT WARNING * * *
You feel sick.
Things that are here:
a short sword; an orc corpse Your surroundings suddenly seem different.
* * * LOW HITPOINT WARNING * * *
You feel sick.
* * * LOW HITPOINT WARNING * * *
You feel sick.
You die...
Your body rises from the dead as a mindless zombie.

# # ######## # ########......#
##### ##### #.............# #....
#...# #.............# #..). #...#
#.......).....# ##.)). #<..#
#...>@........###..###
#...##########..##..........)#
##................#.......##.##
.#...##########.....#.........###
..#..###########..####...###..##)
#.................##_##....).....
####.#.......######...#######.##.
####.#...#...#_..###'###.._##.##.
..........(###..##.....##..##.##.


There were no monsters in sight!

Vanquished Creatures
  The ghost of IcyTea the Slasher, an amateur TeFi (D:3)
  An orc priest (D:3)
  An orc wizard (D:3)
  A worker ant (D:3)
  4 gnolls (D:2)
  5 adders
  An ooze (D:3)
  A dart slug (D:3)
  4 giant geckos
  11 orcs (D:3)
  A ball python (D:1)
  5 giant cockroaches
  7 hobgoblins
  3 jackals (D:3)
  3 kobolds
  3 quokkas
  7 bats
  6 giant newts
  8 goblins
  6 rats
79 creatures vanquished.

Notes
Turn   | Place    | Note
--------------------------------------------------------------
     0 | D:1      | IcyTea the Tengu Fighter began the quest for the Orb.
     0 | D:1      | Reached XP level 1. HP: 14/14 MP: 2/2
   144 | D:1      | Reached XP level 2. HP: 19/19 MP: 3/3
   162 | D:1      | Reached skill level 3 in Long Blades
   635 | D:2      | Reached XP level 3. HP: 23/23 MP: 4/4
   834 | D:2      | Reached skill level 4 in Long Blades
   921 | D:2      | Reached XP level 4. HP: 23/28 MP: 5/5
  1003 | D:2      | Reached skill level 5 in Long Blades
  1450 | D:2      | Gained mutation: You can fly. [Tengu growth]
  1450 | D:2      | Reached XP level 5. HP: 32/32 MP: 6/6
  1751 | D:3      | Noticed IcyTea's ghost (amateur TeFi)
  1769 | D:3      | Killed IcyTea's ghost
  1769 | D:3      | Reached skill level 6 in Long Blades
  1769 | D:3      | Reached XP level 6. HP: 12/37 MP: 7/7
  2095 | D:3      | Reached skill level 7 in Long Blades
  2145 | D:3      | Found a bloodstained altar of Trog.
  2153 | D:3      | Found a snail-covered altar of Cheibriados.
  2318 | D:3      | Found a sparkling altar of Nemelex Xobeh.
  2326 | D:3      | Found a shadowy altar of Dithmenos.
  2333 | D:3      | Found a blossoming altar of Fedhas.
  2340 | D:3      | Found an oddly glowing altar of Pakellas.
  2347 | D:3      | Found a basalt altar of Yredelemnul.
  2406 | D:3      | Became a worshipper of Yredelemnul the Dark
  2572 | D:3      | Gained mutation: Your flesh is cold resistant. [potion of mutation]
  2572 | D:3      | Gained mutation: Your skin changes colour to match your surroundings (Stealth). [potion of mutation]
  2572 | D:3      | Gained mutation: You are dopey. (Int -2) [potion of mutation]
  2579 | D:3      | HP: 1/37 [poisoned by an orc]
  2581 | D:3      | Succumbed to an orc's poison

Skill      XL: |  1  2  3  4  5  6 |
---------------+-------------------+-----
Long Blades    | 3 4 5 6 7 |  7.6
Fighting       | |  3.0
Armour         | |  3.2
Shields        | |  3.0

Action                   |  1- 3 |  4- 6 || total
-------------------------+-------+-------++-------
Melee: Long sword        |    85 |   145 ||   230
       Kick              |    20 |    35 ||    55
       Peck              |    10 |    16 ||    26
  Use: Scroll            |     2 |     4 ||     6
       Potion            |     1 |     6 ||     7
  Eat: Chunk             |       |     5 ||     5
Armor: Scale mail        |    55 |    57 ||   112
Dodge: Dodged            |    30 |    39 ||    69
Block: Shield            |    54 |    69 ||   123
